 Dungeon Crawl Stone Soup version 0.20.1-1-g8b1a95d (console) character file.

5324 hilaritas the Fighter (level 10, -4/87 HPs)
             Began as a Merfolk Berserker on Feb 11, 2018.
             Was an Elder of Trog.
             Slain by a freezing wraith (14 damage)
             ... led by a death knight
             ... on level 8 of the Dungeon.
             The game lasted 00:26:13 (10148 turns).

hilaritas the Fighter (Merfolk Berserker)          Turns: 10148, Time: 00:26:14

Health: -4/87      AC: 13    Str: 20    XL:     10   Next: 64%
Magic:  12/12      EV: 24    Int:  7    God:    Trog [****..]
Gold:   515        SH:  4    Dex: 19    Spells: 9/9 levels left

rFire    . . .     SeeInvis .   H - +0 trident
rCold    . . .     Gourm    .   (no shield)
rNeg     . . .     Faith    .   J - +0 ring mail {rPois}
rPois    +         Spirit   .   z - +0 helmet
rElec    .         Reflect  .   l - +0 cloak
rCorr    .         Harm     .   h - +1 pair of gloves
MR       ++...                  q - +0 pair of boots
Stlth    ++........             (no amulet)
Regen    1.7/turn               (no ring)
MPRegen  0.2/turn               (no ring)

@: agile, berserk cooldown, regenerating, slowed, very slow
A: change form in water, swift swim, stealthy swim, large bone plates 1, rugged
brown scales 1, regeneration 1
a: Berserk, Trog's Hand, Brothers in Arms, Burn Spellbooks, Renounce Religion


You were on level 8 of the Dungeon.
You worshipped Trog.
Trog was greatly pleased with you.
You were near starving.

You visited 1 branch of the dungeon, and saw 8 of its levels.

You collected 515 gold pieces.

Inventory:

Hand Weapons
 a - a +1 spear
 H - a +0 trident (weapon)
Missiles
 w - 4 throwing nets
 A - 9 tomahawks (quivered)
Armour
 h - a +1 pair of gloves (worn)
 l - a +0 cloak (worn)
 q - a +0 pair of boots (worn)
 x - a +0 leather armour of magic resistance
 z - a +0 helmet (worn)
 J - a +0 ring mail of poison resistance (worn)
Wands
 v - a wand of iceblast (15/15)
 D - a wand of enslavement (13/24)
 F - a wand of iceblast (7/15)
 I - a wand of confusion (8/48)
Scrolls
 b - 2 scrolls of recharging
 e - 5 scrolls of magic mapping
 j - a scroll of enchant armour
 n - 2 scrolls of blinking
 r - 6 scrolls of teleportation
 B - a scroll of fear
 E - 2 scrolls of identify
Potions
 d - a potion of resistance
 f - 2 potions of magic
 g - a potion of curing
 i - 3 potions of cancellation
 k - 2 potions of brilliance
 m - a potion of mutation
 p - a potion of haste
 s - a potion of agility
 u - a potion of heal wounds
Books
 o - a book of Misfortune

   Spells                             Type                      Level
   a - Confusing Touch                Hexes                        1
   b - Confuse                        Hexes                        3
   c - Gell's Gravitas                Translocation                3
   d - Petrify                        Transmutation/Earth          4
   e - Metabolic Englaciation         Hexes/Ice                    5
   f - Yara's Violent Unravelling     Hexes/Transmutation          5
   Trog disapproves of the use of such an item.
 y - a book of Callings

   Spells                             Type                      Level
   a - Summon Small Mammal            Summoning                    1
   b - Call Imp                       Summoning                    2
   c - Call Canine Familiar           Summoning                    3
   d - Summon Guardian Golem          Hexes/Summoning              3
   e - Summon Lightning Spire         Summoning/Air                4
   f - Summon Ice Beast               Ice/Summoning                4
   Trog disapproves of the use of such an item.
 C - a book of Maledictions

   Spells                             Type                      Level
   a - Corona                         Hexes                        1
   b - Ensorcelled Hibernation        Hexes/Ice                    2
   c - Confuse                        Hexes                        3
   d - Tukima's Dance                 Hexes                        3
   e - Dazzling Spray                 Conjuration/Hexes            3
   Trog disapproves of the use of such an item.
Comestibles
 c - 5 bread rations
 t - 3 meat rations
 G - 4 fruits


   Skills:
 - Level 10.1 Fighting
 - Level 10.0 Polearms
 * Level 5.9 Armour
 - Level 10.0 Dodging
 * Level 3.6 Evocations


You had 9 spell levels left.
You didn't know any spells.

Dungeon Overview and Level Annotations

Branches:
Dungeon (8/15)             Temple (0/1) D:5
   Lair: D:8-11

Altars:
Elyvilon
Fedhas
Gozag
Okawaru
Qazlal
Sif Muna
Yredelemnul

Shops:
D:6 [

Annotations:
D:3 2 transporters


Innate Abilities, Weirdness & Mutations

You revert to your normal form in water.
You are very nimble and swift while swimming.
You are very stealthy in the water. (Stealth+)
You are partially covered in large bone plates. (SH +4)
You are partially covered in rugged brown scales. (AC +1, +3% HP)
Your natural rate of healing is unusually fast.


Message History

The freezing wraith hits you but does no damage.
The freezing wraith barely misses you.
You puncture the freezing wraith!
The freezing wraith is severely damaged.
You block the freezing wraith's attack.
The freezing wraith completely misses you.
You hit the freezing wraith but do no damage.
The freezing wraith is severely damaged.
The freezing wraith completely misses you.
The freezing wraith misses you. The freezing wraith hits you!
The freezing wraith freezes you!!
* * * LOW HITPOINT WARNING * * *
The freezing wraith misses you.
Your skin crawls.
You feel resistant to hostile enchantments.
You are near starving!
The freezing wraith hits you!
* * * LOW HITPOINT WARNING * * *
The freezing wraith freezes you!
You die...

, * ...# #### ...#
###### #########
..# W.... ......
#.....†.# #.# .p..#
######
#.#####.#.#@#>.....
, ......
#.#.....#.#W#.....#
* #####
#.#.#####.........#
# #.#.# ###.#######
# #.#.##### #...# #
#.#.....# ###.# #
#...###.# #.### #
####.#<..# #.).# #
#....#...#######.#
#
#.##.#........##.#
#................#


You could see a freezing wraith.

Vanquished Creatures
  A death knight (D:8)
  A skeletal warrior (D:8)
  Joseph (D:8)
  A troll (D:8)
  A hornet (D:7)
  The ghost of hilaritas the Insei, an amateur DgTm (D:4)
  A hippogriff (D:7)
  Eustachio (D:6)
  Menkaure (D:4)
  2 sky beasts
  An orc warrior (D:8)
  An ice beast (D:5)
  4 ogres
  2 centaurs
  A bullfrog (D:6)
  6 scorpions
  3 killer bees
  2 howler monkeys
  3 wights (D:6)
  A bullfrog zombie (D:8)
  3 crimson imps
  4 orc priests
  3 jellies
  A gnoll shaman (D:5)
  A hound (D:6)
  7 orc wizards
  3 bullfrog skeletons
  Jessica (D:3)
  An iguana (D:4)
  5 worker ants
  A killer bee zombie (D:8)
  A hound skeleton (D:5)
  6 gnolls
  12 adders
  A shadow imp (D:5)
  An ooze (D:4)
  2 adder skeletons
  A worm (D:6)
  5 leopard geckos
  32 orcs
  2 ball pythons
  3 giant cockroaches
  10 goblins
  9 hobgoblins
  19 jackals
  5 quokkas
  8 bats
  9 frilled lizards
  A jackal skeleton (D:6)
  A jackal zombie (D:5)
  6 kobolds
  2 quokka skeletons (D:5)
  11 rats
  A spectral orc (D:3)
213 creatures vanquished.

Notes
Turn   | Place    | Note
-------+----------+-------------------------------------------
     0 | D:1      | hilaritas the Merfolk Berserker began the quest for the Orb.
     0 | D:1      | Reached XP level 1. HP: 18/18 MP: 1/1
   362 | D:1      | Reached XP level 2. HP: 21/24 MP: 2/2
   704 | D:1      | Reached skill level 5 in Polearms
   998 | D:1      | Reached XP level 3. HP: 22/30 MP: 3/3
  1263 | D:2      | Reached ** piety under Trog
  1638 | D:2      | Reached XP level 4. HP: 36/37 MP: 4/4
  2420 | D:3      | Noticed Jessica
  2420 | D:3      | Noticed a centaur
  2433 | D:3      | Killed a centaur
  2433 | D:3      | Reached XP level 5. HP: 22/43 MP: 5/5
  2435 | D:3      | Killed Jessica
  2637 | D:3      | Found a transporter.
  2640 | D:3      | Noticed a kobold demonologist
  2719 | D:3      | You fall through a shaft!
  2730 | D:4      | Noticed Menkaure
  2730 | D:4      | Noticed an ogre
  2741 | D:4      | Killed an ogre
  2741 | D:4      | Reached XP level 6. HP: 50/50 MP: 6/6
  2746 | D:4      | Killed Menkaure
  2746 | D:4      | Reached skill level 5 in Fighting
  2890 | D:4      | Reached XP level 7. HP: 45/56 MP: 7/7
  3121 | D:3      | Reached *** piety under Trog
  3121 | D:3      | Reached skill level 10 in Polearms
  3349 | D:3      | Found a transporter.
  3660 | D:3      | Found a basalt altar of Yredelemnul.
  3846 | D:4      | Noticed hilaritas's ghost (amateur DgTm)
  3859 | D:4      | Killed hilaritas's ghost
  4082 | D:4      | Reached XP level 8. HP: 60/67 MP: 8/8
  4747 | D:5      | Entered Level 5 of the Dungeon
  4973 | D:5      | Found a staircase to the Ecumenical Temple.
  4998 | D:5      | Reached **** piety under Trog
  5230 | D:5      | Reached skill level 5 in Dodging
  5539 | D:5      | Found a stormy altar of Qazlal.
  6313 | D:6      | Reached XP level 9. HP: 45/77 MP: 9/9
  6532 | D:6      | Noticed Eustachio
  6575 | D:6      | Found Fusiuly's Antique Armour Emporium.
  6649 | D:6      | Killed Eustachio
  6649 | D:6      | Reached skill level 10 in Fighting
  6795 | D:6      | Found an iron altar of Okawaru.
  7834 | D:5      | Found a deep blue altar of Sif Muna.
  8425 | D:7      | Noticed a hornet
  8438 | D:7      | Paralysed by a hornet for 3 turns
  8444 | D:7      | HP: 6/117 [hornet (10)]
  8445 | D:7      | Killed a hornet
  8449 | D:7      | HP: 6/78 [poisoned by a hornet]
  8989 | D:7      | Reached skill level 10 in Dodging
  9130 | D:8      | Noticed Joseph
  9159 | D:8      | Killed Joseph
  9159 | D:8      | Reached skill level 1 in Evocations
  9159 | D:8      | Reached XP level 10. HP: 39/85 MP: 9/11
 10022 | D:8      | Found a blossoming altar of Fedhas.
 10022 | D:8      | Found a white marble altar of Elyvilon.
 10023 | D:8      | Found an opulent altar of Gozag.
 10046 | D:8      | Gained mutation: Your spells are a little easier to cast, but a little less powerful. [potion of mutation]
 10046 | D:8      | Gained mutation: You passively map a small area around you. [potion of mutation]
 10046 | D:8      | Gained mutation: Armour fits poorly on your strangely shaped body. [potion of mutation]
 10046 | D:8      | Gained mutation: You are partially covered in rugged brown scales. (AC +1, +3% HP) [potion of mutation]
 10047 | D:8      | Lost mutation: Armour fits poorly on your strangely shaped body. [potion of mutation]
 10047 | D:8      | Lost mutation: Your spells are a little easier to cast, but a little less powerful. [potion of mutation]
 10047 | D:8      | Lost mutation: You passively map a small area around you. [potion of mutation]
 10047 | D:8      | Gained mutation: You are partially covered in large bone plates. (SH +4) [potion of mutation]
 10047 | D:8      | Gained mutation: Your natural rate of healing is unusually fast. [potion of mutation]
 10084 | D:8      | Noticed a death knight
 10084 | D:8      | Noticed a skeletal warrior
 10108 | D:8      | Killed a skeletal warrior
 10108 | D:8      | Reached skill level 5 in Armour
 10129 | D:8      | Killed a death knight
 10148 | D:8      | Slain by a freezing wraith

Skill      XL: |  1  2  3  4  5  6  7  8  9 10 |
---------------+-------------------------------+-----
Polearms       | 5 6 7 8 9 10 | 10.0
Fighting       | 4 5 7 9 10 | 10.1
Dodging        | 4 5 10 | 10.0
Armour         | 3 5 |  5.9
Evocations     | 1 3 |  3.6

Action                   |  1- 3 |  4- 6 |  7- 9 | 10-12 || total
-------------------------+-------+-------+-------+-------++-------
Melee: Spear             |   141 |   102 |   814 |     6 ||  1063
       Trident           |       |       |       |   130 ||   130
Throw: Throwing net      |       |       |     1 |       ||     1
       Tomahawk          |       |       |     2 |       ||     2
Invok: Berserk           |       |     2 |     4 |     1 ||     7
       Trog's Hand       |       |     1 |     4 |     2 ||     7
  Use: Scroll            |     7 |     6 |     9 |       ||    22
       Potion            |       |       |     2 |     4 ||     6
 Stab: Sleeping          |     3 |     1 |     2 |       ||     6
       Held in net/web   |       |       |     1 |       ||     1
  Eat: Chunk             |     2 |     6 |    19 |     4 ||    31
       Fruit             |       |       |     2 |       ||     2
       Bread ration      |       |       |     1 |       ||     1
Armor: Animal skin       |    32 |     7 |       |       ||    39
       Leather armour    |       |    14 |   125 |    12 ||   151
       Ring mail         |       |       |       |    15 ||    15
Dodge: Dodged            |    64 |    40 |   329 |    76 ||   509
Block: Other             |       |       |       |     7 ||     7
